 Dungeon Crawl Stone Soup version 0.29-a0-1008-g949cc1d0fb (webtiles) character file.

Game seed: 17407223611137630417

261 rabbitsville the Caller (level 5, -23/21 HPs)
             Began as a Felid Summoner on Aug 7, 2022.
             Killed by an exploding themself (32 damage)
             ... ignited by their inner flame
             ... on level 4 of the Dungeon.
             The game lasted 00:15:49 (3757 turns).

rabbitsville the Caller (Felid Summoner)            Turns: 3757, Time: 00:15:50

Health: -23/21     AC:  1    Str:  4    XL:     5   Next: 96%
Magic:  3/12       EV: 17    Int: 19    God:
Gold:   114        SH:  0    Dex: 16    Spells: 3/12 levels left
                                        Lives:  0   Deaths: 1

rFire   . . .      SeeInvis +   (weapon unavailable)
rCold   . . .      Faith    .   (shield unavailable)
rNeg    . . .      Spirit   .   (body armour unavailable)
rPois   .          Reflect  .   (helmet unavailable)
rElec   .          Harm     .   (cloak unavailable)
rCorr   .          Rampage  .   (gloves unavailable)
Will    .....                   (boots unavailable)
Stlth   ++........              (no amulet)
HPRegen 0.07/turn               (no ring)
MPRegen 0.13/turn               (no ring)

@: quick
A: very small, claws 1, fangs 3, see invisible, speed 1, shaggy fur 1, stealthy
paws, no weapons or thrown items, no armour, multi-lived
a: no special abilities


You were on level 4 of the Dungeon.
You visited 1 branch of the dungeon, and saw 4 of its levels.

You collected 114 gold pieces.

Inventory:

Jewellery
 t - an amulet of guardian spirit
Wands
 q - a wand of mindburst (7)
 s - a wand of flame (17)
Scrolls
 b - a scroll of enchant weapon {unknown}
 c - 2 scrolls of teleportation {unknown}
 d - a scroll of immolation {unknown}
 f - 3 scrolls of noise {unknown}
 g - 2 scrolls of enchant armour {unknown}
 j - 3 scrolls of vulnerability {unknown}
 m - a scroll of magic mapping {unknown}
 n - a scroll of identify {unknown}
 r - a scroll of torment {unknown}
Potions
 a - a potion of magic
 e - a potion of lignification {unknown}
 h - 2 potions of degeneration {unknown}
 i - a potion of brilliance {unknown}
 k - a potion of might {unknown}
 l - 2 potions of flight {unknown}
 o - 2 potions of curing {unknown}
 p - 3 potions of cancellation {unknown}


   Skills:
 - Level 2.6 Dodging
 - Level 2.6 Stealth
 + Level 4.1 Spellcasting
 + Level 3.6 Hexes
 + Level 5.7 Summonings


You had 3 spell levels left.
You knew the following spells:

 Your Spells              Type           Power      Damage    Failure   Level
a - Summon Small Mammal   Summ           100%       N/A       1%          1
b - Call Imp              Summ           25%        N/A       1%          2
c - Call Canine Familiar  Summ           25%        N/A       3%          3
d - Summon Guardian Gole  Hex/Summ       21%        N/A       6%          3

Your spell library contained the following spells:

 Spells                   Type           Power      Damage    Failure   Level
 Summon Lightning Spire   Summ/Air       14%        N/A       38%         4


Dungeon Overview and Level Annotations

Branches:
Dungeon (4/15)
 Temple: D:4-7

Altars:

Shops:
D:4 [

Annotations:
D:3 Grinder
D:4 Edmund


Innate Abilities, Weirdness & Mutations

You have sharp claws.
You have razor-sharp teeth.
You have supernaturally acute eyesight. (SInv)
You cover ground quickly. (Speed+)
You are covered in fur. (AC +1)
Your paws help you pounce on unaware monsters.
You are incapable of wielding weapons or throwing items.
You cannot wear armour.
You gain extra lives every three experience levels.


Message History

The fiery explosion engulfs your hound!!
Your hound dies!
Your hound's corpse disappears in a puff of smoke!
The fiery explosion engulfs the hobgoblin!!
The hobgoblin dies!
The spell is quite dangerous to miscast (3% risk of failure)!
Continue anyway?
Edmund is engulfed in blazing flames.
Edmund drinks a potion.
Edmund is healed!
Edmund is engulfed in blazing flames.
Edmund hits your hound with a +1 vorpal flail.
Your hound bites Edmund but does no damage.
Edmund is engulfed in blazing flames.
Edmund hits your hound with a +1 vorpal flail!
Your hound dies!
Your hound's corpse disappears in a puff of smoke!
Edmund is engulfed in blazing flames.
Edmund says, "People accused me of being a cutpurse!"
The spell is quite dangerous to miscast (6% risk of failure)!
Continue anyway?
A guardian golem appears, shielding your allies.
Your guardian golem is engulfed in blazing flames.
Your guardian golem is engulfed in blazing flames.
Edmund barely misses you.
Edmund hits your guardian golem with a +1 vorpal flail!
Edmund hits your guardian golem with a +1 vorpal flail.
Edmund hits your guardian golem but does no damage.
Edmund hits your guardian golem with a +1 vorpal flail.
Edmund hits your guardian golem with a +1 vorpal flail!
Your guardian golem overheats!
Edmund hits your guardian golem with a +1 vorpal flail.
Flame seeps out of your guardian golem. x2
Your guardian golem is engulfed in blazing flames.
Flame seeps out of your guardian golem. Edmund hits you with a +1 vorpal flail!
Your guardian golem is engulfed in blazing flames.
Flame seeps out of your guardian golem.
Edmund hits your guardian golem with a +1 vorpal flail.
Your guardian golem disappears in a puff of smoke!
Your guardian golem explodes!
The fiery explosion engulfs you!!
Ouch! That really hurt!
You die...

.#...........#.....#
.#...........#.....#
.#...........#.....#
.# #..####'###.....#
.#
#..####...#.....##
..
..........#......#
.........'......#
.........#..§§§.#
.........#..@°@.#
..####...#..§§§.# ..
#...######.......#
..... #..°....#
...... #.......#
....... +.......#
#.......# #.......#
#.......#


You could see Edmund.

Vanquished Creatures
  A ball python (D:3)
  A bat (D:1)
  2 rats (D:3)
4 creatures vanquished.

Vanquished Creatures (collateral kills)
  Blork the orc (D:4)
  A howler monkey (D:4)
  A hound (D:4)
  Ijyb (D:4)
  An iguana (D:4)
  3 gnolls (D:2)
  6 adders
  A worm (D:2)
  A dart slug (D:4)
  An orc (D:3)
  3 bats
  5 endoplasms (D:1)
  4 goblins (D:1)
  3 hobgoblins
  4 jackals (D:1)
  6 kobolds
  3 quokkas
  5 ball pythons
  3 frilled lizards
53 creatures vanquished.

Vanquished Creatures (others)
  A hobgoblin (D:4)
1 creature vanquished.

Grand Total: 58 creatures vanquished

Notes
Turn   | Place    | Note
-------+----------+-------------------------------------------
     0 | D:1      | rabbitsville the Felid Summoner began the quest for the
                  | Orb.
     0 | D:1      | Reached XP level 1. HP: 7/7 MP: 4/4
   185 | D:1      | Reached XP level 2. HP: 11/11 MP: 3/6
   188 | D:1      | Learned a level 2 spell: Call Imp
   692 | D:1      | Found a faded altar of an unknown god.
  1071 | D:1      | Reached XP level 3. HP: 14/14 MP: 2/8
  1075 | D:1      | Learned a level 3 spell: Call Canine Familiar
  1699 | D:2      | Identified the +6 chain mail "Bokugur" {rElec rF+ rC-
                  | Dex+7}
  1896 | D:2      | You fall into a shaft and drop 1 floor!
  1969 | D:2      | Reached XP level 4. HP: 15/18 MP: 4/9
  2153 | D:2      | Reached skill level 5 in Summonings
  2205 | D:2      | Learned a level 3 spell: Summon Guardian Golem
  2644 | D:3      | Reached skill level 1 in Hexes
  2911 | D:3      | Noticed Grinder
  2967 | D:3      | Killed from afar by Grinder
  2968 | D:3      | Reached XP level 3. HP: -5/14 MP: 4/9
  2978 | D:4      | Found Nisie's Armour Shoppe.
  3006 | D:4      | Noticed Blork the orc
  3022 | D:4      | Killed Blork the orc
  3023 | D:4      | Reached XP level 4. HP: 18/18 MP: 5/10
  3121 | D:4      | Reached XP level 5. HP: 21/21 MP: 7/11
  3391 | D:4      | Noticed Ijyb
  3667 | D:4      | Killed Ijyb
  3722 | D:4      | Noticed Edmund
  3757 | D:4      | Killed by an exploding themself... ignited by their inner
                  | flame

Illustrated notes

Levels and vault maps discovered:
D:1:      minmay_arrival_shoal_huts, layout_basic, basic_ecumenical_altar,
          chequers_serial_rivers_micro_d
D:2:      layout_loops_ring
D:3:      layout_rooms, grunt_decor_resistance, uniq_grinder
D:4:      layout_gridville, serial_shops, nicolae_shop_hallway_stairs,
          uniq_ijyb, uniq_edmund, uniq_blork_the_orc

Skill      XL: |  1  2  3  4  5 |
---------------+----------------+-----
Spellcasting   | 3 4 |  4.1
Summonings     | 5 |  5.7
Hexes          | 2 3 |  3.6
Dodging        | |  2.6
Stealth        | |  2.6

Action                   |  1- 3 |  4- 6 || total
-------------------------+-------+-------++-------
Melee: Unarmed           |    12 |     4 ||    16
       Bite              |     1 |     1 ||     2
 Cast: Summon Small Mamm |    27 |       ||    27
       Call Imp          |    16 |     3 ||    19
       Call Canine Famil |     8 |    19 ||    27
       Summon Guardian G |     1 |     3 ||     4
 Stab: Sleeping          |       |     1 ||     1
Armor: Skin              |     1 |       ||     1
Dodge: Dodged            |    18 |    21 ||    39

Table legend: (Time is in decaauts)
 A = Elapsed time spent in this place.
 B = Non-inter-level travel time spent in this place.
 C = Inter-level travel time spent in this place.
 D = Time resting spent in this place.
 E = Time spent auto-exploring this place.
 F = Levels seen in this place.
 G = Mean time per level.
                   A        B        C        D        E       F      G
               +--------+--------+--------+--------+--------+-----+--------+
         Total |   3299 |   3253 |     46 |    191 |   2302 |   4 |  824.8 |
       Dungeon |   3299 |   3253 |     46 |    191 |   2302 |   4 |  824.8 |
               +--------+--------+--------+--------+--------+-----+--------+

Top non-repeatable levels by time:
     D:1: 1330 daAuts
     D:2: 883 daAuts
     D:4: 714 daAuts
     D:3: 371 daAuts
